 Dungeon Crawl Stone Soup version 0.29.1-12-g30fa7ad0bf (webtiles) character file.

Game seed: 15879831774529856842

33 arthad the Digger (level 3, -2/19 HPs)
             Began as a Gargoyle Earth Elementalist on Dec 31, 2022.
             Slain by a gnoll
             ... wielding a +0 club
              (8 damage)
             ... on level 2 of the Dungeon.
             The game lasted 00:04:34 (1209 turns).

arthad the Digger (Gargoyle Earth Elementalist)     Turns: 1209, Time: 00:04:34

Health: -2/19      AC:  5    Str: 11    XL:     3   Next: 29%
Magic:  4/6        EV: 12    Int: 23    God:
Gold:   59         SH:  0    Dex: 10    Spells: 1/6 levels left

rFire   . . .      SeeInvis +   k - +0 morningstar
rCold   . . .      Faith    .   (no shield)
rNeg    + . .      Spirit   .   a - +0 robe
rPois   ∞          Reflect  .   (no helmet)
rElec   +          Harm     .   (no cloak)
rCorr   .          Rampage  .   (no gloves)
Will    .....                   (no boots)
Stlth   ++........              (no amulet)
HPRegen 0.06/turn               f - +6 ring of intelligence
MPRegen 0.10/turn               j - ring of see invisible

@: no status effects
A: sickness immunity, AC +3, negative energy resistance 1, electricity
resistance, torment resistance 1, petrification resistance
a: no special abilities


You were on level 2 of the Dungeon.
You visited 1 branch of the dungeon, and saw 2 of its levels.

You collected 59 gold pieces.

Inventory:

Hand Weapons
 k - a +0 morningstar (weapon)
Armour
 a - a +0 robe (worn)
Jewellery
 f - a +6 ring of intelligence (left hand)
 j - a ring of see invisible (right hand)
Scrolls
 c - a scroll of noise {unknown}
 e - a scroll of identify {unknown}
 m - a scroll of fear {unknown}
 n - a scroll of enchant armour {unknown}
Potions
 b - a potion of magic
 d - 2 potions of heal wounds {unknown}
 g - a potion of degeneration {unknown}
 h - a potion of lignification {unknown}
 i - a potion of ambrosia {unknown}
 l - a potion of curing {unknown}


   Skills:
 + Level 1.9 Dodging
 * Level 2.8 Stealth
 * Level 2.4 Spellcasting
 * Level 0.2 Conjurations
 + Level 0.1 Translocations
 + Level 1.0 Transmutations
 * Level 4.0 Earth Magic


You had one spell level left.
You knew the following spells:

 Your Spells              Type           Power      Damage    Failure   Level
a - Sandblast             Erth           42%        2d11      2%          1
b - Passwall              Tmut/Erth      11%        N/A       7%          2
c - Blink                 Tloc           6%         N/A       17%         2

Your spell library contained the following spells:

 Spells                   Type           Power      Damage    Failure   Level
 Wereblood                Tmut           7%         N/A       12%         2
 Stone Arrow              Conj/Erth      24%        3d8       16%         3
 Lesser Beckoning         Tloc           3%         N/A       34%         3
 Petrify                  Tmut/Erth      14%        N/A       41%         4
 Manifold Assault         Tloc           3%         N/A       97%         5
 Summon Hydra             Summ           1%         N/A       100%        7
 Sublimation of Blood     Necr           Unusable   N/A       N/A         2

Dungeon Overview and Level Annotations

Branches:
Dungeon (2/15)

Altars:


Innate Abilities, Weirdness & Mutations

You are immune to sickness and miasma.
Your stone body is resilient. (AC +3)
You are immune to poison.
You resist negative energy. (rN+)
You are resistant to electric shocks. (rElec)
You are resistant to unholy torment.
You are immune to petrification.


Message History

The blast of sand hits the kobold!
You kill the kobold!
l - a fuming emerald potion
m - a scroll labelled GOEH JO MAE
Found a sling.
A frilled lizard comes into view.
The blast of sand hits the frilled lizard.
You kill the frilled lizard!
You see here a frilled lizard corpse.
There is a stone staircase leading up here.
The blast of sand hits the rat.
You kill the rat!
A kobold comes into view. It is wielding a +0 club.
A kobold is nearby!
The kobold shouts!
The blast of sand hits the kobold.
You kill the kobold!
Your Earth Magic skill increases to level 4!
n - a scroll labelled RACVOLOMUXT
Found a stone staircase leading down.
You now have 59 gold pieces (gained 14).
A giant cockroach comes into view.
Found a robe.
The blast of sand hits the giant cockroach!
You kill the giant cockroach!
A gnoll comes into view. It is wielding a +0 club.
Found a scroll labelled POSUDO JIGGYSUF. 3 gnolls come into view.
Things that are here:
a book of Blood; a giant cockroach corpse You pick up a book of Blood and begin reading...
You add the spells Wereblood and Summon Hydra to your library.
The gnoll shouts! x3
The blast of sand misses the gnoll.
The gnoll hits you with a +0 club.
The blast of sand misses the gnoll.
The gnoll hits you with a +0 club!
The blast of sand hits the gnoll!
The gnoll is severely wounded.
The gnoll hits you with a +0 club. The gnoll closely misses you. x2
The gnoll attacks as you move away! The gnoll hits you with a +0 club!
You die...

...[...g.######........
......##.###........... ......
#.....##...##### .
##...#####.).....######
#.###...###.g..#####.......
#.. .... #..#### ###......#
##.##.. #.## ####.......#.
##.....####.####..<.........
#..#........g@..........#.#
.#.#........###<###......# #
...........)......#......#.#.#
.........########........#.#.#
.......÷..#.....##...........
...........................#
...........................#
#...........>.....#........###
..................#..........#


You could see a gnoll.

Vanquished Creatures
  An adder (D:1)
  A worm (D:2)
  An endoplasm (D:1)
  2 giant cockroaches
  A goblin (D:2)
  A hobgoblin (D:1)
  2 jackals (D:1)
  3 kobolds
  2 quokkas
  3 bats
  3 frilled lizards
  A rat (D:2)
21 creatures vanquished.

Notes
Turn   | Place    | Note
-------+----------+-------------------------------------------
     0 | D:1      | arthad the Gargoyle Earth Elementalist began the quest for
                  | the Orb.
     0 | D:1      | Reached XP level 1. HP: 10/10 MP: 3/3
   127 | D:1      | Reached XP level 2. HP: 14/15 MP: 1/5
   267 | D:1      | Learned a level 2 spell: Passwall
   421 | D:1      | Learned a level 2 spell: Blink
   551 | D:1      | Found a faded altar of an unknown god.
   933 | D:1      | Reached skill level 1 in Transmutations
   933 | D:1      | Reached XP level 3. HP: 16/19 MP: 0/6
  1149 | D:2      | Reached skill level 4 in Earth Magic
  1209 | D:2      | Slain by a gnoll

Illustrated notes

Levels and vault maps discovered:
D:1:      sevenhm_arrival_forest_fort_small_5, layout_loops_ring,
          shapermc_ecumenical_altar_hornbeckon, grunt_decor_arrowhead,
          minmay_misc_feat_hallway, hangedman_decor_growths, minmay_unequal
D:2:      layout_rooms

Skill      XL: |  1  2  3 |
---------------+----------+-----
Transmutations | 1 |  1.0
Earth Magic    | 4 |  4.0
Dodging        | |  1.9
Stealth        | |  2.8
Spellcasting   | |  2.4
Conjurations   | |  0.2
Translocations | |  0.1

Action                   || total
-------------------------++-------
Melee: Unarmed           ||    16
       Punch             ||     1
       Morningstar       ||     2
 Cast: Sandblast         ||    28
Armor: Robe              ||    10
Dodge: Dodged            ||    33
